 Dungeon Crawl Stone Soup version 0.16-a0-3272-g378764d (webtiles) character file.

152 Papajoes the Firebug (level 5, 0/37 HPs)
             Began as a Demonspawn Fire Elementalist on Sept 12, 2015.
             Slain by a gnoll
             ... wielding a +0 spear
              (7 damage)
             ... on level 3 of the Dungeon.
             The game lasted 00:17:11 (2447 turns).

Papajoes the Firebug (Demonspawn Fire Elementalist) Turns: 2447, Time: 00:17:11

Health: 0/37       AC:  2    Str:  9    XL:     5   Next: 11%
Magic:  7/9        EV: 12    Int: 17    God:
Gold:   79         SH:  0    Dex: 13    Spells: 2 memorised, 4 levels left

rFire  . . .     SeeInvis .     (no weapon)
rCold  + . .     Clarity  .     f - +0 robe
rNeg   . . .     SustAb   .     (no shield)
rPois  .         Gourm    .     (no helmet)
rElec  .         Spirit   .     (no cloak)
rCorr  .         Warding  .     (no gloves)
rMut   .         Stasis   .     (no boots)
MR     .....                    (no amulet)
Stlth  ++........               (no ring)
                                (no ring)

@: very slightly contaminated, not resistant to hostile enchantments, unstealthy
A: hooves 1, cold resistance 1
a: no special abilities


You were on level 3 of the Dungeon.
You were hungry.

You visited 1 branch of the dungeon, and saw 3 of its levels.

You collected 79 gold pieces.

Inventory:

Hand weapons
 e - a +2 dagger of venom
 o - a +0 rapier
 q - a +0 hunting sling
 t - a +0 club
Missiles
 p - 13 arrows
 r - 11 stones
Armour
 f - a +0 robe (worn)
Jewellery
 m - a cursed ring of teleportation {unknown}
Scrolls
 a - a scroll of remove curse {unknown}
 g - 3 scrolls of identify {unknown}
Potions
 i - a potion of restore abilities {unknown}
 k - a potion of agility {unknown}
 l - a potion of degeneration {unknown}
 n - a potion of curing {unknown}
Books
 b - a book of Flames

   Spells                             Type                      Level
   a - Flame Tongue                   Conjuration/Fire             1
   b - Throw Flame                    Conjuration/Fire             2
   c - Conjure Flame                  Conjuration/Fire             3
   d - Inner Flame                    Hexes/Fire                   3
   e - Sticky Flame                   Conjuration/Fire             4
   f - Fireball                       Conjuration/Fire             5
Comestibles
 c - 4 bread rations
 d - 2 slices of pizza
 h - a beef jerky
 j - 2 meat rations
 s - 3 chunks of flesh


   Skills:
 - Level 1.0 Fighting
 - Level 1.0 Short Blades
 * Level 0.6 Armour
 - Level 2.2 Dodging
 - Level 2.7 Stealth
 - Level 2.2 Spellcasting
 + Level 2.9 Conjurations
 - Level 3.0 Fire Magic


You had 4 spell levels left.
You knew the following spells:

 Your Spells              Type           Power        Failure   Level  Hunger
a - Flame Tongue          Conj/Fire      ##...        6%          1    #......
b - Conjure Flame         Conj/Fire      ##......     17%         3    ###....


Dungeon Overview and Level Annotations

Branches:
Dungeon (3/15)

Altars:
Dithmenos
Nemelex Xobeh
Yredelemnul


Innate Abilities, Weirdness & Mutations

You have large cloven feet.
Your flesh is cold resistant.


Message History

You hit the gnoll.
You kill the gnoll!
You have reached level 5!
Your demonic ancestry asserts itself...
Your feet thicken and deform.
Your +2 dagger of venom stops dripping with poison.
You are now empty-handed.
The gnoll hits you with a flail of holy wrath!
You convulse!
* * * LOW HITPOINT WARNING * * *
Unknown command.
You hit the gnoll but do no damage.
The gnoll is almost dead.
The gnoll hits you from afar with a spear.
* * * LOW HITPOINT WARNING * * *
You hit the gnoll but do no damage. Your kick misses the gnoll.
The gnoll is almost dead.
You kill the gnoll!
The gnoll hits you from afar with a spear!
You die...

#...# #......#........... #...#
##########........# ## #...#######
#.######.# .### #.........# #.#
##.###..... #...#####.### #.#
#.......# ###.# #...# #.#
#.......## #.# ###.# #g#
#........##. #.# #.# #)#
#........... ###.# #.# #@#
#......##...
....#######.####.#####.....## #..
####.............#..........##...
####.#######...รท)..(######.o.....
......# #........# ###..##.
...#..######........# #.###.
##.#.......#.#####.## #o##..
#.##.####.#.# #.# #.....
#....####.#.# #.# ##.#..


You could see a gnoll.

Vanquished Creatures
  A giant frog skeleton (D:3)
  3 gnolls
  2 adders (D:2)
  A worm (D:2)
  A giant gecko (D:1)
  4 orcs (D:3)
  A ball python (D:1)
  11 bats
  6 giant cockroaches
  9 goblins
  9 hobgoblins
  3 jackals (D:1)
  A quokka (D:3)
  4 giant newts
  4 kobolds
  7 rats
67 creatures vanquished.

Notes
Turn   | Place    | Note
--------------------------------------------------------------
     0 | D:1      | Papajoes, the Demonspawn Fire Elementalist, began the quest for the Orb.
     0 | D:1      | Reached XP level 1. HP: 13/13 MP: 3/3
   280 | D:1      | Gained mutation: Your flesh is cold resistant. [demonic ancestry]
   280 | D:1      | Reached XP level 2. HP: 17/19 MP: 1/4
   329 | D:1      | Reached skill level 3 in Fire Magic
   820 | D:1      | Reached XP level 3. HP: 23/25 MP: 6/6
  1015 | D:1      | Reached skill level 1 in Fighting
  1056 | D:1      | Reached skill level 1 in Short Blades
  1494 | D:2      | Learned a level 3 spell: Conjure Flame
  1565 | D:2      | Reached XP level 4. HP: 20/32 MP: 3/7
  1788 | D:2      | Found a sparkling altar of Nemelex Xobeh.
  1888 | D:2      | Found a basalt altar of Yredelemnul.
  1956 | D:3      | Found a shadowy altar of Dithmenos.
  2444 | D:3      | Gained mutation: You have large cloven feet. [demonic ancestry]
  2444 | D:3      | Reached XP level 5. HP: 35/37 MP: 7/9
  2447 | D:3      | Slain by a gnoll

Action                   |  1- 3 |  4- 6 || total
-------------------------+-------+-------++-------
Melee: Unarmed           |     5 |     2 ||     7
       Dagger            |    88 |    43 ||   131
 Cast: Flame Tongue      |    29 |    10 ||    39
       Conjure Flame     |       |     1 ||     1
 Stab: Distracted        |       |     1 ||     1
       Sleeping          |       |     1 ||     1
  Eat: Chunk             |     2 |     3 ||     5
